 Dungeon Crawl Stone Soup version 0.18.1-50-g88ac8fd (webtiles) character file.

105 MistressOfTheDunes the Insei (level 4, -4/35 HPs)
             Began as a Mummy Monk on Sept 17, 2016.
             Slain by an orc priest
             ... wielding a +0 short sword
              (5 damage)
             ... on level 2 of the Dungeon.
             The game lasted 00:03:07 (3087 turns).

MistressOfTheDunes the Insei (Mummy Monk)           Turns: 3087, Time: 00:03:08

Health: -4/35      AC:  0    Str: 14    XL:     4   Next: 53%
Magic:  4/4        EV: 13    Int:  9    God:
Gold:   84         SH:  0    Dex: 15    Spells: 0 memorised, 3 levels left

rFire  x . .     SeeInvis .       - Unarmed
rCold  + . .     Gourm    .     (no armour)
rNeg   + + +     Faith    .     (no shield)
rPois  ∞         Spirit   .     (no helmet)
rElec  .         Dismiss  .     (no cloak)
rCorr  .         Reflect  .     (no gloves)
SustAt .         Harm     .     (no boots)
MR     .....                    (no amulet)
Stlth  ++........               (no ring)
                                (no ring)

@: not resistant to hostile enchantments, unstealthy
A: no food or potions, fire vulnerability, cold resistance 1, negative energy
resistance 3, torment resistance, unbreathing
a: no special abilities


You were on level 2 of the Dungeon.
You were not hungry.

You visited 1 branch of the dungeon, and saw 3 of its levels.

You collected 84 gold pieces.


Innate Abilities, Weirdness & Mutations

You do not eat or drink.
Your flesh is vulnerable to fire.
You are immune to poison.
Your flesh is cold resistant.
You are immune to negative energy.
You are immune to unholy pain and torment.
You can survive without breathing.


   Skills:
 - Level 3.0 Fighting
 + Level 2.4 Dodging
 - Level 1.5 Stealth
 - Level 5.0 Unarmed Combat


You had 3 spell levels left.
You didn't know any spells.

Inventory:

Armour
 e - a +0 large shield
Scrolls
 a - a scroll of magic mapping {unknown}
 b - a scroll of amnesia {unknown}
 c - 2 scrolls of recharging {unknown}
 d - a scroll of remove curse {unknown}

Dungeon Overview and Level Annotations

Branches:
Dungeon (3/15)

Altars:
Vehumet
Xom
The Shining One

Annotations:
D:3 appiemonkey's ghost, amateur TrHu

▒.▒ ▒†▒ ▒÷▒ ▒.▒ ▒.▒ ▒.▒
▒.▒ ▒.▒ ▒▒▒▒▒.▒▒▒ ▒.▒
▒.▒ ▒........ ▒.▒ ▒.▒
▒..▒▒.▒▒▒ ▒.▒
▒▒▒▒▒▒.▒▒▒.▒.▒.▒▒. ▒.▒
▒...▒▒†▒▒.▒▒▒.....
▒▒.▒▒▒o▒.▒....▒▒ ▒▒..▒.
▒.....M▒.......▒▒▒).▒_▒
▒....▒▒▒▒▒.▒▒▒▒.▒.▒..▒.
▒......▒...▒ ▒▒.▒▒....
▒▒▒▒▒▒.▒.▒.▒ ▒.▒▒▒.▒▒
▒...▒.▒▒▒▒▒.▒ ▒.▒
▒..▒▒.▒.....▒ ▒.▒
▒..▒▒.▒.▒▒▒.▒ ▒.▒
▒...▒.▒.▒ ▒.▒ ▒.▒
▒▒..▒.▒.▒ ▒.▒ ▒.▒▒


You could see an orc priest.


Message History

You barely miss the orc priest!
You pulverise the orc priest!
The orc priest is moderately wounded!
The orc priest closely misses you!
You pummel the orc priest like a punching bag!
The orc priest is moderately wounded!
The orc priest hits you with a short sword! * * * don't die
* * * You barely miss the orc priest!
The orc priest is moderately wounded!
The orc priest hits you with a short sword! * * * don't die
* * * You completely miss the orc priest!
The orc priest is moderately wounded!
The orc priest barely misses you!
You barely miss the orc priest!
The orc priest is moderately wounded!
The orc priest hits you with a short sword! * * * don't die
* * * You pummel the orc priest like a punching bag!
The orc priest is moderately wounded!
The orc priest closely misses you!
You pulverise the orc priest but do no damage!
The orc priest is moderately wounded!
The orc priest hits you with a short sword! * * * don't die
* * * You squash the orc priest but do no damage!
The orc priest is moderately wounded!
The orc priest hits you with a short sword! rip

Action                   |  1- 3 |  4- 6 || total
-------------------------+-------+-------++-------
Melee: Unarmed           |   132 |    29 ||   161
       Punch             |     2 |       ||     2
 Stab: Sleeping          |     6 |       ||     6
Dodge: Dodged            |    87 |    16 ||   103

Vault maps used:
D:1:      minmay_arrival_arboretum_large
D:2:      xom_teletrap_fun, gammafunk_temple_overflow_statue,
          ecumenical_altar_1, first_bread

Notes
Turn   | Place    | Note
--------------------------------------------------------------
     0 | D:1      | MistressOfTheDunes the Mummy Monk began the quest for the Orb.
     0 | D:1      | Reached XP level 1. HP: 18/18 MP: 1/1
   412 | D:1      | Reached XP level 2. HP: 24/24 MP: 2/2
  1125 | D:1      | Reached skill level 4 in Unarmed Combat
  1605 | D:2      | Reached XP level 3. HP: 20/29 MP: 3/3
  1888 | D:2      | Found a faded altar to an unknown god.
  2010 | D:2      | Found a shimmering altar of Xom.
  2151 | D:2      | Found a radiant altar of Vehumet.
  2151 | D:2      | Found a glowing golden altar of the Shining One.
  2417 | D:3      | Noticed appiemonkey's ghost (amateur TrHu)
  2755 | D:2      | Reached XP level 4. HP: 35/35 MP: 4/4
  3052 | D:3      | Reached skill level 5 in Unarmed Combat
  3086 | D:2      | HP: 1/35 [orc priest/short sword (5)]
  3087 | D:2      | Slain by an orc priest

Vanquished Creatures
  An orc priest (D:3)
  2 adders (D:2)
  2 dart slugs (D:2)
  6 giant geckos
  4 orcs
  6 bats
  A giant cockroach (D:3)
  7 goblins
  4 hobgoblins
  4 kobolds
  4 giant newts
  2 rats
43 creatures vanquished.
